AoeStats
← spark

Black Forest

506129193Analyzed
1v1 RM · 19d ago on Sep 12, 2026· 56m 42s· 2 players
Game mode
Random Map
Map size
Tiny (2 player)
Population
200
Speed
Normal
Resources
Standard
Victory
Conquest
Starting age
Dark Age
Ending age
Imperial Age
RankedLock teamsTeams togetherTeam positionsShared explorationLock speedFull tech treeHidden civsTurbo modeCheats
Victory
Defeat
🇺🇸 Bohemians · United States
788
+14
🇨🇳 Spanish · China
751
-14
spark
2:06 Loom
11:21 Feudal Age
11:47 Double-Bit Axe
13:12 Wheelbarrow
14:50 Horse Collar
20:26 Castle Age
23:58 Bow Saw
25:37 Hand Cart
26:29 Heavy Plow
31:05 Padded Archer Armor
34:21 Imperial Age
32:45 Gold Mining
32:46 Stone Mining
33:15 Leather Archer Armor
33:16 Forging
33:12 Scale Barding Armor
35:04 Ballistics
34:50 Husbandry
35:00 Bloodlines
35:32 Elite Conquistador
37:28 Conscription
37:31 Supremacy
38:19 Chemistry
37:20 Town Watch
38:51 Two-Man Saw
38:31 Ring Archer Armor
39:31 Town Patrol
40:34 Stone Shaft Mining
40:31 Bombard Tower
40:19 Light Cavalry
41:05 Hussar
42:12 Chain Barding Armor
42:29 Iron Casting
45:23 Murder Holes
45:40 Masonry
46:25 Sappers
47:32 Hoardings
49:30 Cavalier
51:48 Blast Furnace
51:24 Plate Barding Armor
52:31 Paladin
54:42 Architecture
payytor
0:46 Loom
12:35 Feudal Age
20:01 Castle Age
18:13 Horse Collar
18:30 Double-Bit Axe
18:58 Fletching
21:30 Padded Archer Armor
23:53 Chemistry
23:04 Bodkin Arrow
25:49 Town Watch
28:51 Wheelbarrow
34:41 Imperial Age
33:56 Wagenburg Tactics
35:00 Hand Cart
35:18 Ballistics
35:36 Bow Saw
35:54 Pikeman
36:35 Squires
36:20 Arson
36:49 Houfnice
39:50 Conscription
39:44 Halberdier
40:34 Siege Engineers
41:13 Masonry
44:49 Architecture
49:30 Elite Hussite Wagon
56:25 Leather Archer Armor
56:17 Scale Barding Armor
56:22 Forging
56:27 Bracer
56:28 Scale Mail Armor
Connection lost

Rejoining the realm…

Still unreachable

The connection could not be restored.

Session expired

The server has moved on; the page needs a fresh start.